 Dungeon Crawl Stone Soup version 0.18-a0-1789-gbeff17f (webtiles) character file.

212 nono the Cutter (level 6, -1/41 HPs)
             Began as a Halfling Fighter on Apr 21, 2016.
             Killed by nerve-wracking pain
             ... invoked by Grinder
              (8 damage)
             ... on level 3 of the Dungeon.
             The game lasted 00:05:12 (1909 turns).

nono the Cutter (Halfling Fighter)                  Turns: 1909, Time: 00:05:13

Health: -1/41      AC:  9    Str: 21    XL:     6   Next: 14%
Magic:  6/6        EV:  7    Int:  7    God:
Gold:   106        SH: 11    Dex: 16    Spells: 0 memorised, 5 levels left

rFire  . . .     SeeInvis .     a - +0 rapier
rCold  . . .     Gourm    .     i - +0 chain mail
rNeg   . . .     Faith    .     c - +0 shield
rPois  .         Spirit   .     (no helmet)
rElec  .         Dismiss  .     (no cloak)
rCorr  .         Reflect  .     (no gloves)
SustAt .         Harm     .     (no boots)
MR     +....                    (no amulet)
Stlth  ..........               (no ring)
                                v - ring of protection from magic

@: mighty, somewhat resistant to hostile enchantments, extremely unstealthy
A: mutation resistance 1, wild magic 1
a: no special abilities


You were on level 3 of the Dungeon.
You were hungry.

You visited 1 branch of the dungeon, and saw 3 of its levels.

You collected 106 gold pieces.

Inventory:

Hand Weapons
 a - a +0 rapier (weapon)
 s - a +0 dagger of freezing
Armour
 b - a +0 scale mail
 c - a +0 shield (worn)
 i - a +0 chain mail (worn)
Jewellery
 v - a ring of protection from magic (left hand)
Scrolls
 e - 2 scrolls of remove curse
 g - a scroll of enchant weapon {unknown}
 l - a scroll of immolation {unknown}
 o - 2 scrolls of identify {unknown}
 r - 2 scrolls of random uselessness {unknown}
 u - a scroll of noise {unknown}
Potions
 h - a potion of agility {unknown}
 k - a potion of mutation
 m - a potion of berserk rage {unknown}
 n - a potion of brilliance {unknown}
 p - a potion of ambrosia {unknown}
 t - a potion of cure mutation {unknown}
Comestibles
 f - 2 bread rations
 q - a meat ration


   Skills:
 - Level 2.6 Fighting
 + Level 4.9 Short Blades
 + Level 4.7 Armour
 + Level 4.9 Shields


You had 5 spell levels left.
You didn't know any spells.

Dungeon Overview and Level Annotations

Branches:
Dungeon (3/15)

Altars:
Gozag

Annotations:
D:3 Grinder


Innate Abilities, Weirdness & Mutations

You are small and have problems with some larger weapons.
You are somewhat resistant to further mutation.
Your spells are a little harder to cast, but a little more powerful.


Message History

You hear some strange, mumbled words.
A puff of flame appears from out of thin air!
The puff of flame hits you!
You hear some strange, mumbled words.
A puff of flame appears from out of thin air!
The puff of flame hits you!
* * * LOW HITPOINT WARNING * * *
You miss something. Something hits you but does no damage.
You hit something.
Reactivating autopickup.
You have reached level 6!
Your experience leads to an increase in your attributes!
Your base attributes are Str 16, Int 7, Dex 15.
Increase (S)trength, (I)ntelligence, or (D)exterity?
You feel agile.
You feel a bit more experienced.
You closely miss Grinder. Grinder gestures at you.
Pain shoots through your body!
You die...

## .#.## ######.## ####...#
#5.# ......# ...# ##.#
......##...# #.#
...........# #.# ##
.....###...# #(## ....
...........######ยง.##.....
.....###...#...###).......
...<............@5o.......
......)........######.....
###..###.......######.....
..........................
############...######. ...
#...# ( #####


You could see Grinder and an orc.

Vanquished Creatures
  The ghost of JetFlynn the Covert, an amateur SpAs (D:3)
  An orc wizard (D:3)
  Jessica (D:2)
  3 adders
  5 worms
  3 giant geckos
  A ball python (D:2)
  6 bats
  3 giant cockroaches
  4 goblins
  2 hobgoblins (D:3)
  A jackal (D:2)
  4 giant newts
  12 kobolds
  12 rats
59 creatures vanquished.

Vanquished Creatures (others)
  A plant (D:3)
1 creature vanquished.

Grand Total: 60 creatures vanquished

Notes
Turn   | Place    | Note
--------------------------------------------------------------
     0 | D:1      | nono the Halfling Fighter began the quest for the Orb.
     0 | D:1      | Reached XP level 1. HP: 15/15 MP: 1/1
   122 | D:1      | Reached XP level 2. HP: 20/20 MP: 2/2
   633 | D:1      | Reached XP level 3. HP: 25/25 MP: 3/3
  1036 | D:2      | Reached XP level 4. HP: 23/30 MP: 4/4
  1083 | D:2      | Found an opulent altar of Gozag.
  1155 | D:2      | Noticed Jessica
  1169 | D:2      | Killed Jessica
  1676 | D:3      | Reached XP level 5. HP: 35/35 MP: 5/5
  1682 | D:3      | Noticed JetFlynn's ghost (amateur SpAs)
  1703 | D:3      | Killed JetFlynn's ghost
  1856 | D:3      | Noticed Grinder
  1888 | D:3      | Gained mutation: Your spells are a little harder to cast, but a little more powerful. [potion of mutation]
  1908 | D:3      | Reached XP level 6. HP: 6/41 MP: 6/6
  1909 | D:3      | Killed from afar by Grinder

Vault maps used:
D:1:      lightli_arrival_isolated_outpost
D:2:      grunt_gozag_breadcrumbs, uniq_jessica
D:3:      lexackson_kobold_supper, uniq_grinder

Skill      XL: |  1  2  3  4 |
---------------+-------------+-----
Short Blades   | 3 4 |  4.9
Shields        | 4 |  4.9
Armour         | 4 |  4.7
Fighting       | |  2.6

Action                   |  1- 3 |  4- 6 || total
-------------------------+-------+-------++-------
Melee: Rapier            |   116 |   114 ||   230
       Dagger            |       |    45 ||    45
  Use: Scroll            |       |     1 ||     1
       Potion            |       |     5 ||     5
  Eat: Chunk             |       |     3 ||     3
Armor: Scale mail        |    19 |       ||    19
       Chain mail        |    45 |    72 ||   117
Dodge: Dodged            |    30 |    22 ||    52
Block: Shield            |    56 |    71 ||   127
